 Dungeon Crawl Stone Soup version bcrawl-1.39.2 (webtiles) character file.

Game seed: 5206255503735386202

16778179 Artagas the Petrodigitator (level 27, 341/341 HPs)
             Began as an Ent Archaeologist on Oct 10, 2023.
             Was a High Priest of Zin.
             Escaped with the Orb
             ... and 3 runes on Oct 11, 2023!
             The game lasted 04:03:10 (58428 turns).

Artagas the Petrodigitator (Ent Archaeologist)     Turns: 58428, Time: 04:03:10

Health: 341/341    AC: 46    Str: 36    XL:     27
Magic:  60/60      EV: 30    Int: 43    God:    Zin [*****.]
Gold:   87         SH:  0    Dex: 23    Spells: 21/54 levels left

rFire    + . .     GDR:     40% a - +6 great mace of Arrival {speed, rElec MP+9 Str+2 Int+3}
rCold    + + .     SeeInvis .   (no shield)
rNeg     + + +     Gourm    .   (armour unavailable)
rPois    ∞         Faith    .   N - +3 hat of Pondering {ponderous, MR+ MP+10 Int+5}
rElec    +         Spirit   .   l - +2 cloak {MR+}
rCorr    .         Reflect  .   (gloves unavailable)
MR       ++++.                  (boots unavailable)
Stlth    +.........             Z - amulet of Naromol {Acrobat rF+ rC+ Dex-2}
HPRegen  0.66/turn              J - ring of Hospitality {+Blink rC+ EV+3 Slay+5 Stlth-}
MPRegen  0.37/turn              K - +6 ring of protection

@: vitalised, studying 2 skills, very slow
A: large, slow actions, passwall, strong branches, negative energy resistance 3,
poison resistance, slow metabolism 1, torment resistance, unbreathing, AC +34
0: Orb of Zot
}: 3/15 runes: barnacled, slimy, gossamer
a: Passwall, Recite, Vitalisation, Manna, Imprison, Sanctuary, Donate Gold,
Renounce Religion, Evoke Blink


You escaped.
You worshipped Zin.
Zin was extremely pleased with you.
You were not hungry.

You visited 12 branches of the dungeon, and saw 48 of its levels.
You visited the Abyss 2 times.
You also visited: Ice Cave and Desolation.

You collected 7217 gold pieces.
You spent 4215 gold pieces at shops.
You donated 2915 gold pieces to Zin.

Inventory:

Hand Weapons
 a - the +6 great mace of Arrival (weapon) {speed, rElec MP+9 Str+2 Int+3}
   (You acquired it on level 2 of the Dungeon)

   Attacks with this weapon are significantly faster.
   It affects your strength (+2).
   It affects your intelligence (+3).
   It insulates you from electricity.
   It affects your magic capacity (+9).
Missiles
 b - 316 javelins of penetration {=f}
 y - 7 throwing nets {=f}
 C - 207 steel javelins (quivered)
Armour
 l - a +2 cloak of magic resistance (worn)
   (You acquired it on level 1 of the Elven Halls)
 N - the +3 hat of Pondering (worn) {ponderous, MR+ MP+10 Int+5}
   (You found it on level 5 of the Depths)

   It affects your intelligence (+5).
   It affects your resistance to hostile enchantments.
   It affects your magic capacity (+10).
Jewellery
 f - an uncursed ring of protection from fire
   (You took it off a deep elf high priest on level 3 of the Elven Halls)
 i - an uncursed ring of see invisible
   (You bought it in a shop on level 2 of the Shoals)
 k - an uncursed ring of resist corrosion
   (You found it in the Desolation of Salt)
 m - the ring "Hoitruny" {*Tele +Inv Dex+2}
   (You took it off a wizard on level 3 of the Depths)

   [ring of teleportation]

   It may teleport you next to monsters.
   It affects your dexterity (+2).
   It lets you turn invisible.
 u - the amulet of the Four Winds {rN+ MR+++ Clar}
   (You found it in the Desolation of Salt)

   [amulet of nothing]

   It protects you from negative energy.
   It affects your resistance to hostile enchantments.
   It protects you against confusion.
 J - the ring of Hospitality (left hand) {+Blink rC+ EV+3 Slay+5 Stlth-}
   (You found it in the Desolation of Salt)

   [ring of evasion]

   It affects your evasion (+3).
   It affects your accuracy and damage with ranged weapons and melee attacks
   (+5).
   It protects you from cold.
   It lets you blink.
   It makes you less stealthy.
 K - a +6 ring of protection (right hand)
   (You found it on level 4 of the Lair of Beasts)
 L - an uncursed ring of protection from fire
   (You took it off a spriggan berserker on level 4 of the Depths)
 Z - the amulet of Naromol (around neck) {Acrobat rF+ rC+ Dex-2}
   (You found it in the Desolation of Salt)

   [amulet of the acrobat]

   It helps you evade while moving and waiting.
   It affects your dexterity (-2).
   It protects you from fire.
   It protects you from cold.
Wands
 j - a wand of charming (7)
   (You bought it in a shop on level 1 of the Shoals)
 p - a wand of acid (20)
   (You found it in an ice cave)
 v - a wand of digging (10)
   (You found it on level 3 of the Lair of Beasts)
 R - a wand of paralysis (11)
   (You took it off a vampire knight on level 1 of the Crypt)
 S - a wand of clouds (7)
   (You found it on level 6 of the Lair of Beasts)
 T - a wand of iceblast (39)
   (You found it on level 6 of the Lair of Beasts)
 V - a wand of disintegration (24)
   (You found it on level 1 of the Depths)
Scrolls
 g - 4 scrolls of revelation
 o - 27 scrolls of remove curse
 t - 8 scrolls of teleportation
 x - 9 scrolls of immolation
 z - 6 scrolls of blinking
 D - a scroll of noise
 H - 4 scrolls of fear
 I - 10 scrolls of fog
 Q - 2 scrolls of vulnerability
 U - a scroll of summoning
 W - a scroll of silence
Potions
 c - a potion of ambrosia
 d - 13 potions of might
 h - 6 potions of flight
 n - 2 potions of resistance
 q - 12 potions of curing
 s - 2 potions of agility
 w - 2 potions of heal wounds
 E - a potion of haste
 G - a potion of cancellation
 M - 8 potions of brilliance
 O - 3 potions of magic
 Y - 3 potions of berserk rage
Miscellaneous
 r - a lamp of fire
   (You found it on level 2 of the Abyss)
 B - a phial of floods
   (You found it on level 3 of the Elven Halls)
 P - a sack of spiders
   (You found it on level 3 of the Elven Halls)
 X - a lightning rod (4/4)
   (You found it on level 2 of the Spider Nest)
Comestibles
 e - 6 rations {!d}


   Skills:
 + Level 25.7 Fighting
 - Level 20.0 Maces & Flails
 - Level 4.0 Throwing
 + Level 17.4 Dodging
 - Level 3.6 Stealth
   Level 3.9 Shields
 - Level 14.0 Spellcasting
 - Level 10.0 Conjurations
 - Level 11.0 Hexes
 - Level 4.0 Charms
 - Level 4.0 Translocations
 - Level 4.0 Fire Magic
 O Level 27 Earth Magic
 + Level 20.3 Invocations
 - Level 10.0 Evocations


You had 21 spell levels left.
You knew the following spells:

 Your Spells              Type           Power        Failure   Level  Hunger
a - Iron Shot             Conj/Erth      ########..   1%          6    ###....
b - Bolt of Magma         Conj/Fire/Erth #######...   1%          5    None
c - Spectral Weapon       Hex/Chrm       #######.     1%          3    None
d - Song of Slaying       Chrm           ######..     1%          2    None
e - Shatter               Erth           ########..   1%          9    #######
f - Blink                 Tloc           N/A          1%          2    None
g - Invisibility          Hex            #######.     1%          6    ###....

Your spell library contained the following spells:

 Spells                   Type           Power        Failure   Level  Hunger
 Corona                   Hex            #######      0%          1    None
 Magic Dart               Conj           ####         0%          1    None
 Sandblast                Erth           ######       0%          1    None
 Slow                     Hex            #######.     0%          1    None
 Stone Arrow              Conj/Erth      ######       0%          3    None
 Apportation              Tloc           ######       1%          1    None
 Blink Other              Tloc           ######       1%          1    None
 Infusion                 Chrm           ######..     1%          1    None
 Necrotize                Necr           ####..       1%          1    None
 Sting                    Conj/Pois      ####         1%          1    None
 Summon Butterflies       Summ           ####....     1%          1    None
 Summon Small Mammal      Summ           ####         1%          1    None
 Call Imp                 Summ           ####..       1%          2    None
 Corpse Rot               Necr           N/A          1%          2    None
 Poisonous Vapours        Pois/Air       ####..       1%          2    None
 Sticks to Snakes         Tmut           ####....     1%          2    None
 Swiftness                Chrm/Air       #####...     1%          2    None
 Conjure Flame            Conj/Fire      ######..     1%          3    None
 Dazzling Orbs            Conj/Hex       #######      1%          3    None
 False Image              Hex/Summ       ######..     1%          3    None
 Ignite Poison            Fire/Tmut/Pois #####...     1%          3    None
 Mephitic Cloud           Conj/Pois/Air  ######..     1%          3    None
 Ozocubu's Armour         Chrm/Ice       #####...     1%          3    None
 Portal Projectile        Tloc           ######       1%          3    None
 Regeneration             Chrm/Necr      #####.....   1%          3    None
 Teleport Other           Tloc           ######..     1%          3    None
 Tukima's Dance           Hex            #######.     1%          3    None
 Cause Fear               Hex            #######...   1%          4    None
 Fulminant Prism          Conj/Hex       #######...   1%          4    None
 Lightning Bolt           Conj/Air       ######..     1%          4    None
 Petrify                  Tmut/Erth      #######...   1%          4    None
 Yara's Violent Unravell  Hex/Tmut       ######....   1%          4    None
 Iskenderun's Battlesphe  Conj/Chrm      ######..     1%          5    None
 Call Canine Familiar     Summ           ####....     2%          3    None
 Metabolic Englaciation   Hex/Ice        ######....   2%          5    None
 Silence                  Hex/Air        ######....   2%          5    None
 Bolt of Draining         Conj/Necr      ######....   3%          5    None
 Venom Bolt               Conj/Pois      ######....   3%          5    None
 Steam Barrier            Chrm/Fire      ######....   4%          5    None
 Bolt of Fire             Conj/Fire      ######....   9%          6    ###....
 Discord                  Hex            #######...   9%          7    #####..
 Airstrike                Air            ####......   10%         4    None
 Animate Dead             Necr           N/A          10%         4    None
 Olgreb's Toxic Radiance  Pois           ####.....    10%         4    None
 Summon Ice Beast         Ice/Summ       ####....     10%         4    None
 Summon Scorpions         Summ/Pois      ####....     10%         4    None
 Mana Rupture             Conj/Hex       #######...   11%         7    #####..
 Summon Forest            Summ/Tloc      #####.....   12%         5    None
 Orb of Destruction       Conj           #######...   13%         7    #####..
 Conjure Ball Lightning   Conj/Air       ######....   19%         6    ###....
 Poison Arrow             Conj/Pois      ######....   19%         6    ###....
 Freezing Cloud           Ice/Air        ####....     26%         5    None
 Summon Lightning Spire   Summ/Air       ####....     26%         5    None
 Infestation              Hex/Tmut/Pois  ######...    32%         6    ###....
 Deflect Missiles         Chrm/Air       #####.....   54%         6    ###....
 Spellforged Servitor     Conj/Summ      ######....   71%         7    #####..
 Simulacrum               Ice/Necr       ####....     82%         6    ###....
 Summon Hydra             Summ           ####......   82%         6    ###....
 Chain Lightning          Conj/Air       ######....   100%        8    ######.
 Tornado                  Tloc/Air       #####.....   100%        8    ######.
 Dragon's Call            Summ           ####......   100%        9    #######
 Fire Storm               Conj/Fire      ######....   100%        9    #######
 Passwall                 Tmut/Erth      Unusable     N/A         2    N/A
 Beastly Appendage        Tmut           Unusable     N/A         1    N/A
 Tree Form                Hex/Tmut       Unusable     N/A         4    N/A
 Statue Form              Tmut/Erth      Unusable     N/A         6    N/A
 Spider Form              Tmut/Pois      Unusable     N/A         3    N/A
 Passage of Golubria      Tloc           Unusable     N/A         5    N/A
 Ice Form                 Ice/Tmut       Unusable     N/A         4    N/A
 Blade Hands              Tmut           Unusable     N/A         5    N/A
 Dragon Form              Tmut           Unusable     N/A         7    N/A
 Necromutation            Tmut/Necr      Unusable     N/A         8    N/A

Dungeon Overview and Level Annotations

Branches:
Dungeon (12/12)            Temple (1/1) D:4            Lair (6/6) D:9
 Shoals (3/3) Lair:2       Spider (3/3) Lair:4        Slime (5/5) Orc
    Orc (1/1) D:9             Elf (3/3) Lair:6       Vaults (2/3) D:12
  Crypt (2/2) Vaults:2       Tomb (0/3) Crypt:2      Depths (5/5) D:12
    Zot (5/5) Depths:5

Altars:
Ashenzari
Dithmenos
Elyvilon
Fedhas
Gozag
Hepliaklqana
Lugonu
Makhleb
Nemelex Xobeh
Okawaru
Qazlal
Ru
Sif Muna
Trog
Uskayaw
Vehumet
Wu Jian
Xom
Yredelemnul
Zin
Jiyva

Shops:
D:9 =   Orc *[=(   Elf:2 (   Shoals:1 }   Shoals:2 (*[*   Vaults:1 *
Depths:1 ?}   Depths:2 =   Depths:4 *

Portals:
Hell: Depths:1 Depths:2 Depths:3 Depths:4 Depths:5
Abyss: Depths:1 Depths:4 Depths:5
Pandemonium: Depths:1 Depths:3
Ziggurat: Depths:2

Annotations:
Spider:1 exclusion: orange crystal statue
Slime:5 Royal Jelly
Elf:1 6 runed translucent doors
Depths:1 exclusion: orange crystal statue
Depths:2 2 transporters
Depths:4 3 runed translucent doors, exclusion: obsidian statue, Artagas's ghost, veteran BaMA
Depths:5 exclusion: 4 lightning spires


Innate Abilities, Weirdness & Mutations

You move and act slowly.
You can pass through walls and trees.
Your branches can wield two-handed weapons with a shield.
Your thick bark is tough. (AC +34)
You are too large for most types of armour.
You are immune to negative energy. (rN+++)
Your system is resistant to poisons. (rPois)
You have a slow metabolism.
You are immune to unholy pain and torment.
You can survive without breathing.


Message History

There is a stone staircase leading down here.
There is an escape hatch in the ceiling here.
A mysterious force pulls you upwards. The hatch slams shut behind you.
(D) Dungeon (T) Temple (L) Lair (A) Shoals (N) Spider Nest (M) Slime Pits (O) Orcish Mines (E) Elven Halls (V) Vaults (C) Crypt (W) Tomb (U) Depths (H) Hell (Z) Zot
Where to? (Enter - D:1, ? - help)
What level of the Dungeon? (default 1, ? - help) HP restored.
Your divine stamina fades away.
Aiming: Passwall
Press: ? - help, Dir - move target cursor This square is covered in magical glow.
You begin to meditate on the wall.
You continue meditating on the barrier. x3
You finish moving.
Aiming: Passwall
Press: ? - help, Dir - move target cursor This square is covered in magical glow.
You begin to meditate on the wall.
You continue meditating on the barrier. x2
You finish moving.
A cacodemon comes into view.
Zin grants you divine stamina.
The cacodemon shouts!
You eat one of the 7 rations {!d}.
That ration really hit the spot!
An infernal corrupter comes into view.
It is wielding a +0 demon whip of freezing.
Casting: Shatter (safe; 1% risk of failure)
Confirm with . or Enter, or press ? or * to list all spells.
Aiming: Iron Shot (safe; 1% risk of failure)
Press: ? - help, Shift-Dir - straight line, f - cacodemon
Aim: a cacodemon The iron shot misses the cacodemon.
Casting: Iron Shot (safe; 1% risk of failure)
Confirm with . or Enter, or press ? or * to list all spells.
Aiming: Iron Shot (safe; 1% risk of failure)
Press: ? - help, Shift-Dir - straight line, f/p - cacodemon
Aim: a cacodemon The iron shot hits the cacodemon!!!
The cacodemon is severely wounded.
The cacodemon misses you. The cacodemon completely misses you.
The infernal corrupter calls forth creatures from the Realm of Zot!
You hammer the cacodemon like a gong!!!
You kill the cacodemon!
Zin accepts your kill. The golden dragon breathes fire at you.
The bolt of fire hits the infernal corrupter.
The infernal corrupter completely resists.
The bolt of fire misses you.
You flatten the infernal corrupter like a pancake!!!!
You kill the infernal corrupter!
Zin accepts your kill.
The golden dragon disappears in a puff of smoke!
The moth of wrath disappears in a puff of smoke!
Aiming: Passwall
Press: ? - help, Dir - move target cursor This square is covered in magical glow.
You begin to meditate on the wall.
You continue meditating on the barrier.
You finish moving.
A red devil comes into view. It is wielding a +0 trident.
There is a stone staircase leading up here.
The red devil misses you.
You climb upwards.
There is a stone staircase leading down here.
You see here 171 bolts.
There is an open door here.
Magic restored.
There is an open door here.
There is a dry fountain here.
There is an open door here.
Your divine stamina fades away.
A reaper comes into view. It is wielding a +1 scythe of slicing.
Aiming: Passwall
Press: ? - help, Dir - move target cursor This square is covered in magical glow.
You begin to meditate on the wall.
You continue meditating on the barrier.
The reaper activates a sealing rune.
The doors slam shut!
You finish moving.
There is a sealed passage leading up here.
Evoke which item? (* to show all) (? for menu, Esc to quit)
Aiming: Dig
Press: ? - help, Shift-Dir - straight line This square is covered in magical glow.
The rock shatters into small pieces.
The reaper activates a sealing rune.
Zin grants you divine stamina. The reaper hits you but does no damage.
Ssssck.
The reaper hits you with a +1 scythe of slicing!
You bludgeon the reaper!!
The reaper is moderately wounded.
The reaper misses you.
You beat the reaper like a drum!!!
You kill the reaper!
The runic seals fade away.
You see here a +1 scythe of slicing.
There is a staircase leading out of the dungeon here.
You start resting.
HP restored.
The power of the Orb breaks the dimensional shunt like a soap bubble!
You have escaped!

.....>..####.#
#.#..#.###)##.# #
.#########...#
#.#........##.# # .#
###'################.# .#
#...#...#...#...#...### .#
#.⌠.'...+...'...'.#.... .#
#...#...#...#...#######
.###########+#######'######
.##.......#...#...#...#...#
..............).@.+...#...#
....#####.#...#...#...#÷..#
.#### #.##+###+#######'##
.# #.#...#...#...#...### .#
#.+.⌠.#...'...#...'.#####
.#
###...#...#...#...#......
## ##+###########'####.###
#...#...#...#...# #.#
#...'.⌠.'...'...# #.#


There were no monsters in sight!

Vanquished Creatures
  A juggernaut (Depths:2)
  6 ancient liches
  6 orbs of fire (Zot:5)
  Xtahua (Depths:3)
  5 Killer Klowns (Zot:5)
  6 golden dragons
  Margery (Crypt:2)
  Boris (twice) (Crypt:2 Depths:4)
  A pandemonium lord (Depths:3)
  11 caustic shrikes
  4 rockslimes
  Arachne (Spider:3)
  Jory (Vaults:2)
  3 Orb Demons
  3 bone dragons
  3 electric golems (Zot:5)
  21 tentacled monstrosities
  3 wendigos
  Jorgrun (Shoals:2)
  29 Orb Guardians
  3 deep elf blademasters
  5 liches
  2 deep elf master archers (Elf:3)
  3 titans
  12 acid blobs
  3 quicksilver dragons
  8 sphinxes
  8 tentacled starspawn
  Agnes (Elf:1)
  6 ancient champions
  5 ghouls
  5 death cobs
  11 storm dragons
  Donald (Crypt:1)
  3 tengu reavers
  A draconian monk (Zot:2)
  6 azure jellies
  10 shadow dragons
  6 frost giants
  4 deep elf sorcerers
  Ilsuiw (Shoals:2)
  3 fire giants
  4 imperial myrmidons (Desolation)
  4 vault wardens
  A daeva (Abyss:2)
  3 cacodemons
  2 iron dragons
  An orc warlord (Orc)
  Aizul (Spider:1)
  6 ghost moths
  10 stone giants
  A draconian stormcaller (Zot:2)
  Louise (D:12)
  2 draconian knights
  7 deep elf elementalists
  2 juggernaut zombies
  An emperor scorpion (Spider:3)
  A draconian shifter (Zot:5)
  A draconian scorcher (Zot:2)
  7 ironheart preservers
  3 draconian annihilators
  3 spriggan defenders
  20 very ugly things
  2 reapers
  6 vampire knights
  An eye of devastation (Depths:3)
  2 caustic shrike skeletons
  An elemental wellspring (Shoals:3)
  A corrupter (D:2)
  An ophan (Abyss:1)
  4 jiangshi
  12 deep elf demonologists
  5 green draconians
  8 black draconians
  9 deep elf annihilators
  10 red draconians
  15 spark wasps
  3 entropy weavers
  6 purple draconians
  7 white draconians
  3 lorocyprocas
  5 yellow draconians
  2 entropy weavers (shapeshifter)
  The ghost of Gyanisk the Unseen, a journeyman OpAc of Uskayaw (Lair:4)
  3 dire elephants (Vaults:1)
  6 ragged hierophants (Desolation)
  An eidolon (Crypt:2)
  3 crystal guardians
  2 quicksilver dragon zombies
  4 merfolk javelineers
  18 deep elf death magi
  2 green deaths (Depths:3)
  9 ettins
  7 deep elf high priests
  12 yaktaur captains
  A blizzard demon (Abyss:2)
  12 fire dragons
  6 merfolk impalers
  6 rakshasas
  9 great orbs of eyes
  6 servants of whispers (Desolation)
  3 vault guards (Vaults:1)
  10 peacekeepers (Desolation)
  A quicksilver dragon skeleton (Depths:4)
  13 hydras
  2 naga warriors
  An anaconda (Lair:6)
  12 ice dragons
  6 spriggan air magi
  2 hell beasts
  2 merfolk avatars
  5 shadow wraiths
  Sonja (Lair:2)
  5 merfolk aquamancers (Shoals:3)
  3 satyrs
  3 catoblepae (Lair:6)
  8 death yaks
  6 deep troll shamans
  5 death knights
  2 ancient automatons
  6 two-headed ogres
  28 dancing weapons
  11 sea snakes
  4 death oozes (Slime:5)
  7 tengu warriors
  3 ogre magi
  6 hell hogs
  5 vampire magi
  11 deep troll earth magi
  3 orc high priests (Orc)
  6 thrashing horrors
  9 spriggan berserkers
  An ironheart beastmaster (Vaults:1)
  5 soul eaters
  A storm dragon zombie (Depths:4)
  A shock serpent (shapeshifter) (Depths:5)
  20 deep elf knights
  16 deep trolls
  A fire crab (shapeshifter) (Vaults:2)
  A titan skeleton (Crypt:2)
  6 centaur warriors
  2 iron trolls (Depths:2)
  6 hell knights
  A death drake (shapeshifter) (Depths:2)
  2 storm dragon skeletons
  A death drake (Abyss:2)
  2 salamander mystics
  4 sixfirhies
  9 wretched stars
  A gelid demonspawn (IceCv)
  5 glowing orange brains
  55 skeletal warriors
  A golden dragon zombie (Depths:4)
  4 flayed ghosts
  2 infernal demonspawn
  A golden dragon skeleton (Crypt:2)
  10 deep elf archers
  8 wizards
  An orange crystal statue (Spider:3)
  An anaconda zombie (Crypt:2)
  7 ironheart convokers
  3 necromancers
  5 phantasmal warriors
  A wolf spider zombie (D:9)
  A cyclops (shapeshifter) (Vaults:1)
  A sphinx zombie (Depths:2)
  4 cyclopes
  An anaconda skeleton (Abyss:2)
  16 harpies
  35 wolf spiders
  21 orb spiders
  3 shining eyes
  5 orc sorcerers (Orc)
  A tengu skeleton (Vaults:2)
  29 ugly things
  A sphinx skeleton (Vaults:2)
  A fire giant zombie (Depths:2)
  6 orc knights
  13 manticores
  An apocalypse crab (Abyss:2)
  A stone giant zombie (Depths:2)
  5 salamanders
  6 worldbinders
  46 deep elf magi
  A shadow dragon skeleton (Depths:4)
  11 fauns
  7 human skeletons
  29 moths of wrath
  2 iron dragon skeletons
  9 merfolk sirens
  3 stone giant skeletons
  8 black mambas
  2 ice statues (IceCv)
  A fire giant skeleton (Crypt:2)
  7 guardian serpents
  12 elephants
  2 guardian serpents (shapeshifter)
  4 naga magi
  5 will-o'-wisps (Depths:5)
  A rust devil (Abyss:2)
  8 smoke demons
  7 vault sentinels
  2 frost giant skeletons
  3 molten gargoyles
  4 orange demons
  A water nymph (shapeshifter) (Elf:3)
  A gargoyle (D:12)
  9 cane toads
  A dire elephant skeleton (Crypt:2)
  5 torpor snails
  6 water nymphs
  5 komodo dragons
  33 jumping spiders
  2 rime drakes
  4 hellwings
  2 rime drakes (shapeshifter)
  19 yaktaurs
  12 freezing wraiths
  A yaktaur (shapeshifter) (Vaults:1)
  2 hellions
  13 demonic crawlers
  10 ice devils
  2 yaktaur skeletons (Vaults:2)
  8 ancient zymes
  2 tormentors
  A guardian mummy (Crypt:2)
  23 flying skulls
  A black draconian skeleton (Crypt:2)
  A golden dragon simulacrum (Depths:4)
  2 eyes of draining (Abyss:2)
  A silent spectre (Depths:2)
  A catoblepas skeleton (Abyss:2)
  A polar bear (Lair:3)
  3 tengu conjurers
  3 wind drakes
  A polar bear (shapeshifter) (Depths:2)
  6 trolls
  6 red devils
  A queen bee (shapeshifter) (Vaults:1)
  A harpy zombie (Crypt:1)
  10 raiju
  A harpy skeleton (D:12)
  57 saltlings (Desolation)
  11 tyrant leeches
  A hydra skeleton (Crypt:2)
  Prince Ribbit (D:7)
  An ice dragon zombie (Crypt:2)
  A moth of wrath zombie (Crypt:2)
  24 merfolk
  13 hornets
  84 slime creatures
  A hornet (shapeshifter) (Vaults:2)
  21 blink frogs
  An iron dragon simulacrum (Abyss:2)
  A bog body (Crypt:2)
  3 snapping turtles
  7 dream sheep (Lair:5)
  2 fire dragon skeletons (Crypt:2)
  11 hippogriffs
  2 ettin skeletons (Crypt:2)
  24 large abominations
  A spriggan (shapeshifter) (Abyss:1)
  An alligator skeleton (Crypt:2)
  8 ynoxinuls
  12 spriggans
  21 tarantellas
  2 shadows
  A yak (shapeshifter) (D:12)
  13 water elementals
  7 air elementals
  2 wyverns
  A vampire (D:12)
  A hog (shapeshifter) (Vaults:2)
  An ice dragon skeleton (Crypt:2)
  2 fire elementals
  17 small abominations
  2 golden eyes (Abyss:2)
  6 wraiths
  43 yaks
  A wind drake skeleton (Crypt:2)
  5 vampire mosquitoes
  Menkaure (D:7)
  2 basilisks
  A chaos spawn (Abyss:2)
  6 neqoxecs
  A steam dragon (D:8)
  55 redbacks
  5 swamp worms (Lair:4)
  A swamp worm (shapeshifter) (Elf:2)
  An acid dragon (D:12)
  A warg (Orc)
  13 crocodiles
  5 nagas
  5 water moccasins
  A deep troll skeleton (Vaults:2)
  17 hell hounds
  9 porcupines
  27 orc warriors
  Duvessa (D:7)
  8 ice beasts (D:11)
  A soldier ant (shapeshifter) (Vaults:2)
  A swamp drake (D:9)
  7 sky beasts
  A black bear (D:10)
  A cane toad skeleton (Crypt:2)
  A lindwurm zombie (Crypt:1)
  2 phantoms (D:9)
  11 ogres
  2 necrophages
  4 boggarts (D:12)
  A manticore skeleton (Crypt:2)
  2 snapping turtle skeletons (Crypt:2)
  A swamp dragon skeleton (Crypt:2)
  A kobold brigand (D:4)
  13 bullfrogs
  A yaktaur zombie (Crypt:2)
  4 earth elementals
  8 centaurs
  Dowan (D:7)
  2 scorpions
  9 killer bees
  7 wights
  22 orc priests
  6 electric eels
  7 crimson imps
  A bullfrog zombie (D:5)
  5 lava snakes (Lair:3)
  22 starcursed masses
  4 hounds
  4 quasits (Abyss:2)
  22 orc wizards
  11 jellies
  3 bullfrog skeletons
  3 iron imps
  Jessica (D:3)
  2 iguanas
  An iguana (shapeshifter) (Depths:3)
  2 hell rats (D:9)
  4 worker ants
  A deep dwarf zombie (Crypt:1)
  A naga zombie (Crypt:1)
  A hound zombie (D:6)
  3 hound skeletons
  12 mummies (Crypt:2)
  A worker ant zombie (D:9)
  A howler monkey skeleton (D:10)
  5 adders
  3 gnolls (D:9)
  2 river rats (D:9)
  A shadow imp (D:12)
  10 white imps
  9 oozes
  11 ufetubi
  An oni zombie (Crypt:1)
  An oni skeleton (Crypt:1)
  A worm (D:5)
  4 dart slugs
  5 leopard geckos
  90 orcs
  4 giant cockroaches
  7 goblins
  11 hobgoblins
  17 jackals
  6 kobolds
  9 quokkas
  3 bats
  3 frilled lizards
  A gnoll skeleton (Crypt:1)
  A hobgoblin skeleton (Crypt:1)
  A kobold skeleton (Crypt:2)
  A rat (D:9)
  A river rat skeleton (Crypt:2)
  3 fire vortices
  A fungus (Depths:1)
  A pillar of salt (D:10)
  4 plants
  5 starspawn tentacles
2423 creatures vanquished.

Vanquished Creatures (collateral kills)
  A tentacled monstrosity (Depths:4)
  An ironheart preserver (Vaults:1)
  A deep elf demonologist (Vaults:1)
  A deep elf annihilator (Vaults:1)
  An ogre mage (Vaults:1)
  5 two-headed ogres (Vaults:1)
  2 deep trolls (Vaults:1)
  A wizard (Vaults:1)
  A wolf spider (Spider:3)
  An orb spider (Spider:3)
  An ironheart convoker (Vaults:1)
  A deep elf mage (Vaults:1)
  4 ugly things (Vaults:1)
  4 redbacks (Spider:3)
25 creatures vanquished.

Vanquished Creatures (others)
  A fire giant (Depths:3)
  An ironheart preserver (Vaults:1)
  A yaktaur captain (Depths:3)
  A centaur warrior (D:12)
  A wolf spider (Spider:3)
  A deep elf mage (Elf:2)
  2 moths of wrath (Zot:5)
  A vault sentinel (Vaults:1)
  A flying skull (Abyss:2)
  A large abomination (Abyss:2)
  An orc priest (Orc)
  2 white imps (IceCv)
  4 ufetubi (IceCv)
  2 ball lightnings (Depths:5)
  2 fire vortices (Depths:3)
  21 fungi
  A lurking horror (Abyss:2)
  A pillar of salt (Orc)
  83 plants
  15 spectral weapons
  19 starspawn tentacles
  5 toadstools (Depths:1)
167 creatures vanquished.

Grand Total: 2615 creatures vanquished

Notes
Turn   | Place    | Note
-------+----------+-------------------------------------------
     0 | D:1      | Artagas the Ent Archaeologist began the quest for the Orb.
     0 | D:1      | Reached XP level 1. HP: 21/21 MP: 1/1
    72 | D:1      | Reached skill level 2 in Maces & Flails
    72 | D:1      | Reached XP level 2. HP: 23/30 MP: 2/2
   133 | D:1      | Reached skill level 2 in Fighting
   536 | D:1      | Reached XP level 3. HP: 33/39 MP: 3/3
  1110 | D:2      | Reached skill level 3 in Maces & Flails
  1358 | D:2      | Found an ancient bone altar of Kikubaaqudgha.
  1477 | D:2      | Reached skill level 3 in Fighting
  1482 | D:2      | Found a sparkling altar of Nemelex Xobeh.
  1567 | D:2      | Reached XP level 4. HP: 49/49 MP: 4/4
  1727 | D:2      | HP: 7/49 [crimson imp/flame tongue (5)]
  1782 | D:2      | Reached skill level 4 in Maces & Flails
  1782 | D:2      | Reached XP level 5. HP: 24/58 MP: 5/5
  1782 | D:2      | Identified a scroll of acquirement
  1782 | D:2      | Identified the +6 great mace of Arrival {speed, rElec MP+9
                  | Str+2 Int+3} (You acquired it on level 2 of the Dungeon)
  1869 | D:2      | Found Zin's Purification Station.
  1875 | D:2      | Found a glowing silver altar of Zin.
  2255 | D:2      | Became a worshipper of Zin the Law-Giver
  2259 | D:2      | Bought a potion of curing for 75 gold pieces
  2296 | D:3      | Noticed Jessica
  2306 | D:3      | Killed Jessica
  2307 | D:3      | Reached skill level 4 in Fighting
  2393 | D:3      | Reached * piety under Zin
  2575 | D:3      | Reached skill level 5 in Maces & Flails
  2738 | D:3      | Reached ** piety under Zin
  2996 | D:4      | Noticed an ogre
  2998 | D:4      | Killed an ogre
  2999 | D:4      | Reached skill level 5 in Fighting
  2999 | D:4      | Reached XP level 6. HP: 71/71 MP: 6/6
  3053 | D:4      | Reached skill level 6 in Maces & Flails
  3099 | D:4      | Reached skill level 7 in Maces & Flails
  3114 | D:4      | Reached XP level 7. HP: 78/78 MP: 7/7
  3124 | D:4      | Found a staircase to the Ecumenical Temple.
  3279 | D:4      | Reached skill level 8 in Maces & Flails
  3279 | D:4      | Reached skill level 1 in Invocations
  3433 | D:4      | Reached skill level 2 in Invocations
  3446 | D:4      | Reached skill level 3 in Invocations
  3540 | Temple   | Entered the Ecumenical Temple
  3826 | D:4      | Reached *** piety under Zin
  4142 | D:5      | Entered Level 5 of the Dungeon
  4146 | D:5      | Reached skill level 4 in Invocations
  4339 | D:5      | Reached skill level 3 in Dodging
  4477 | D:5      | Found a hazy altar of Hepliaklqana.
  4478 | D:5      | Found a shimmering altar of Xom.
  4478 | D:5      | Noticed a spectral ugly thing
  4479 | D:5      | Noticed a spectral ugly thing
  4479 | D:5      | Noticed a spectral ugly thing
  4738 | D:5      | Reached XP level 8. HP: 60/88 MP: 11/11
  5305 | D:6      | Reached skill level 6 in Fighting
  5396 | D:6      | Reached skill level 4 in Dodging
  5399 | D:6      | Reached skill level 9 in Maces & Flails
  5428 | D:6      | Found a radiant altar of Vehumet.
  5430 | D:6      | Found a sacrificial altar of Ru.
  5487 | D:6      | Found a sparkling altar of Nemelex Xobeh.
  5491 | D:6      | Found a hide-covered altar of Uskayaw.
  5492 | D:6      | Found a corrupted altar of Lugonu.
  5494 | D:6      | Reached **** piety under Zin
  5816 | D:7      | Got a steaming quarterstaff
  5873 | D:7      | Noticed Prince Ribbit
  5882 | D:7      | Reached skill level 7 in Fighting
  5885 | D:7      | Killed Prince Ribbit
  5886 | D:7      | Reached skill level 5 in Dodging
  5886 | D:7      | Reached XP level 9. HP: 96/100 MP: 12/12
  5931 | D:7      | Reached skill level 10 in Maces & Flails
  5980 | D:7      | Noticed Menkaure
  5987 | D:7      | Killed Menkaure
  5988 | D:7      | Reached skill level 5 in Invocations
  6031 | D:7      | Noticed Dowan
  6033 | D:7      | Noticed Duvessa
  6039 | D:7      | Killed Dowan
  6041 | D:7      | Killed Duvessa
  6042 | D:7      | Reached skill level 6 in Invocations
  6722 | D:8      | Reached ***** piety under Zin
  6949 | D:9      | Noticed a death yak
  6950 | D:9      | Noticed a death yak
  6952 | D:9      | Noticed a death yak
  6956 | D:9      | Noticed an orc knight
  6969 | D:9      | Killed an orc knight
  6970 | D:9      | Reached skill level 7 in Invocations
  6973 | D:9      | Killed a death yak
  6974 | D:9      | Reached skill level 8 in Fighting
  6974 | D:9      | Reached skill level 6 in Dodging
  6974 | D:9      | Reached XP level 10. HP: 62/112 MP: 15/15
  6977 | D:9      | Killed a death yak
  6978 | D:9      | Reached skill level 11 in Maces & Flails
  6978 | D:9      | Reached skill level 8 in Invocations
  6983 | D:9      | Killed a death yak
  7001 | D:9      | Reached skill level 9 in Fighting
  7011 | D:9      | Reached skill level 7 in Dodging
  7045 | D:9      | Found a staircase to the Lair.
  7124 | D:9      | Found a shattered altar of Ashenzari.
  7124 | D:9      | Found an iron altar of Okawaru.
  7149 | D:9      | Reached skill level 12 in Maces & Flails
  7290 | D:9      | Found Ciass's Jewellery Shoppe.
  7303 | D:9      | Found a basalt altar of Yredelemnul.
  7412 | D:9      | Found a staircase to the Orcish Mines.
  7546 | D:10     | Entered Level 10 of the Dungeon
  7566 | D:9      | Reached XP level 11. HP: 96/124 MP: 17/17
  7655 | Lair:1   | Entered Level 1 of the Lair of Beasts
  8345 | Lair:1   | Noticed Sonja
  9176 | Lair:2   | Found a runed door.
  9182 | Lair:2   | Found a staircase to the Shoals.
  9182 | Lair:2   | Noticed a harpy
  9182 | Lair:2   | Noticed a harpy
  9183 | Lair:2   | Noticed a harpy
  9226 | Lair:2   | Reached skill level 9 in Invocations
  9297 | Lair:2   | Killed Sonja
  9379 | Lair:2   | Reached skill level 10 in Fighting
  9838 | Lair:2   | Reached skill level 8 in Dodging
  9962 | Lair:3   | Noticed a seven-headed hydra
  9966 | Lair:3   | Killed a seven-headed hydra
  9967 | Lair:3   | Reached skill level 13 in Maces & Flails
 10069 | Lair:3   | Reached skill level 10 in Invocations
 10300 | Lair:3   | Reached XP level 12. HP: 138/138 MP: 19/19
 10380 | Lair:3   | Reached skill level 9 in Dodging
 10424 | Lair:3   | Reached skill level 11 in Fighting
 10987 | Lair:4   | Reached skill level 14 in Maces & Flails
 11629 | Lair:4   | Reached skill level 11 in Invocations
 11683 | Lair:4   | Found a runed translucent door.
 11684 | Lair:4   | Noticed Gyanisk's ghost (journeyman OpAc)
 11708 | Lair:4   | Found a hole to the Spider Nest.
 11909 | Lair:4   | Killed Gyanisk's ghost
 11910 | Lair:4   | Reached skill level 12 in Fighting
 11991 | Lair:5   | Reached skill level 15 in Maces & Flails
 12172 | Lair:5   | Reached XP level 13. HP: 127/152 MP: 21/21
 12257 | Lair:5   | Reached ****** piety under Zin
 12286 | Lair:5   | Reached skill level 13 in Fighting
 12286 | Lair:5   | Reached skill level 12 in Invocations
 12693 | Lair:6   | Entered Level 6 of the Lair of Beasts
 12697 | Lair:6   | Reached skill level 16 in Maces & Flails
 12750 | Lair:6   | Found a staircase to the Elven Halls.
 12880 | Lair:6   | Reached skill level 17 in Maces & Flails
 13009 | Lair:6   | Reached skill level 14 in Fighting
 13163 | Lair:6   | Reached skill level 15 in Fighting
 13180 | Lair:6   | Reached skill level 16 in Fighting
 13336 | Lair:6   | Reached XP level 14. HP: 169/176 MP: 22/23
 13526 | Lair:6   | Reached skill level 17 in Fighting
 14552 | D:10     | HP: 7/180 [enormous slime creature (65)]
 15026 | D:11     | Reached skill level 18 in Fighting
 15053 | D:11     | Identified the +3 quarterstaff of Light {crush, *Contam
                  | rN++ Str+4 SInv} (You found it on level 7 of the Dungeon)
 15168 | D:11     | Reached skill level 18 in Maces & Flails
 15169 | D:11     | Found a frozen archway.
 15193 | IceCv    | Entered an ice cave
 15852 | D:11     | Found Cucubaux's Food Shop.
 16109 | D:12     | Entered Level 12 of the Dungeon
 16190 | D:12     | Noticed Louise
 16214 | D:12     | Killed Louise
 16811 | D:12     | Found a gate to the Vaults.
 16921 | D:12     | Reached XP level 15. HP: 120/193 MP: 24/24
 16922 | D:12     | Reached skill level 19 in Maces & Flails
 16929 | D:12     | Reached skill level 19 in Fighting
 16991 | D:12     | Found a staircase to the Depths.
 17185 | Orc      | Entered the Orcish Mines
 17408 | Orc      | Found a runed door.
 17460 | Orc      | Noticed an orc warlord
 17492 | Orc      | Killed an orc warlord
 17684 | Orc      | Reached skill level 20 in Maces & Flails
 17790 | Orc      | Paralysed by an orc sorcerer for 3 turns
 17807 | Orc      | Found a viscous altar of Jiyva.
 17828 | Orc      | Found a staircase to the Slime Pits.
 17965 | Orc      | Found Micuxkir's General Store.
 17966 | Orc      | Found Iloegeut's Jewellery Shoppe.
 17968 | Orc      | Found Rudite's Antique Armour Shoppe.
 17968 | Orc      | Found Ymociemp's Antique Weapon Emporium.
 18160 | Orc      | Found a roughly hewn altar of Beogh.
 18237 | Orc      | Bought a scroll of fog for 32 gold pieces
 18237 | Orc      | Bought a potion of curing for 40 gold pieces
 18237 | Orc      | Bought a wand of charming (5) for 96 gold pieces
 18246 | Orc      | Bought an embroidered hat for 126 gold pieces
 18596 | Spider:1 | Entered Level 1 of the Spider Nest
 18700 | Spider:1 | Reached skill level 1 in Shields
 18914 | Spider:1 | Reached skill level 2 in Shields
 19089 | Spider:1 | Reached skill level 13 in Invocations
 19105 | Spider:1 | Reached skill level 3 in Shields
 19431 | Spider:1 | Learned a level 9 spell: Shatter
 19441 | Spider:1 | Reached skill level 1 in Spellcasting
 19446 | Spider:1 | Reached skill level 1 in Earth Magic
 19461 | Spider:1 | Reached skill level 2 in Spellcasting
 19544 | Spider:1 | Reached skill level 2 in Earth Magic
 19570 | Spider:1 | Reached skill level 3 in Spellcasting
 19576 | Spider:1 | Reached skill level 3 in Earth Magic
 20220 | Spider:2 | Noticed Aizul
 20245 | Spider:1 | Killed Aizul
 20247 | Spider:1 | Reached skill level 4 in Spellcasting
 20290 | Spider:1 | HP: 28/194 [jumping spider (13)]
 20385 | Spider:1 | Reached skill level 1 in Evocations
 20388 | Spider:1 | Reached skill level 4 in Earth Magic
 20460 | Spider:2 | Reached skill level 2 in Evocations
 20860 | Spider:2 | Reached XP level 16. HP: 182/204 MP: 25/25
 21060 | Spider:2 | Reached skill level 3 in Evocations
 21078 | Spider:2 | Reached skill level 5 in Spellcasting
 21146 | Spider:2 | Reached skill level 5 in Earth Magic
 21176 | Spider:2 | Reached skill level 4 in Evocations
 21821 | Spider:3 | Entered Level 3 of the Spider Nest
 21826 | Spider:3 | Reached skill level 1 in Throwing
 21844 | Spider:2 | Reached skill level 5 in Evocations
 21872 | Spider:3 | Reached skill level 6 in Spellcasting
 21891 | Spider:3 | Reached skill level 6 in Earth Magic
 21906 | Spider:3 | Noticed Arachne
 21917 | Spider:3 | Reached skill level 2 in Throwing
 21918 | Spider:3 | Killed Arachne
 21921 | Spider:3 | Reached skill level 6 in Evocations
 21969 | Spider:3 | Reached skill level 3 in Throwing
 21969 | Spider:3 | Reached skill level 7 in Spellcasting
 21977 | Spider:3 | Reached skill level 7 in Earth Magic
 21983 | Spider:3 | Reached skill level 7 in Evocations
 22211 | Spider:3 | Reached skill level 4 in Throwing
 22224 | Spider:3 | Reached skill level 8 in Spellcasting
 22265 | Spider:3 | Reached skill level 8 in Earth Magic
 22346 | Spider:3 | Reached XP level 17. HP: 214/214 MP: 29/29
 22398 | Spider:3 | Identified a lightning rod (4/4) (You found it on level 2
                  | of the Spider Nest)
 22398 | Spider:3 | Got a gossamer rune of Zot
 22477 | Spider:3 | Reached skill level 9 in Earth Magic
 22887 | Spider:3 | Learned a level 6 spell: Iron Shot
 23190 | D:12     | Reached skill level 1 in Conjurations
 23200 | Vaults:1 | Entered Level 1 of the Vaults
 23219 | Vaults:1 | Reached skill level 2 in Conjurations
 23253 | Vaults:1 | Reached skill level 3 in Conjurations
 23260 | Vaults:1 | Reached skill level 10 in Earth Magic
 23261 | Vaults:1 | Reached skill level 4 in Conjurations
 23296 | Vaults:1 | Learned a level 2 spell: Blink
 23360 | Vaults:1 | Reached skill level 5 in Conjurations
 23393 | Vaults:1 | Reached skill level 1 in Translocations
 23411 | Vaults:1 | Reached skill level 2 in Translocations
 23411 | Vaults:1 | Reached skill level 11 in Earth Magic
 23414 | Vaults:1 | Cast into level 1 of the Abyss (a deep elf sorcerer)
 23576 | Abyss:1  | Reached skill level 6 in Conjurations
 23642 | Abyss:1  | Found a corrupted altar of Lugonu.
 23647 | Abyss:1  | Reached skill level 3 in Translocations
 23746 | Abyss:1  | Noticed a lich
 23769 | Abyss:1  | Killed a lich
 23940 | Abyss:1  | Noticed a bone dragon
 23949 | Abyss:1  | Killed a bone dragon
 23950 | Abyss:1  | Reached skill level 7 in Conjurations
 23950 | Abyss:1  | Reached skill level 4 in Translocations
 24024 | Abyss:1  | Reached skill level 12 in Earth Magic
 24024 | Abyss:1  | Reached XP level 18. HP: 208/224 MP: 30/30
 24192 | Abyss:1  | Reached skill level 8 in Conjurations
 24227 | Abyss:2  | Found a corrupted altar of Lugonu.
 24293 | Abyss:2  | Found a corrupted altar of Lugonu.
 24367 | Abyss:2  | Noticed a hellephant
 24388 | Abyss:2  | Noticed a bone dragon
 24438 | Abyss:2  | Found a corrupted altar of Lugonu.
 24445 | Abyss:2  | Found a corrupted altar of Lugonu.
 24484 | Abyss:2  | Found a corrupted altar of Lugonu.
 24687 | Abyss:2  | Reached skill level 9 in Conjurations
 24732 | Abyss:2  | Reached skill level 13 in Earth Magic
 24858 | Abyss:2  | Found a corrupted altar of Lugonu.
 24865 | Abyss:2  | Found a corrupted altar of Lugonu.
 24954 | Abyss:2  | Found a corrupted altar of Lugonu.
 25050 | Abyss:2  | Reached skill level 14 in Earth Magic
 25298 | Abyss:2  | Reached skill level 15 in Earth Magic
 25462 | Vaults:1 | Escaped the Abyss
 25561 | Vaults:1 | Found Fymuh's General Store.
 25569 | Vaults:1 | Bought a scroll of fog for 32 gold pieces
 25569 | Vaults:1 | Bought a potion of invisibility for 128 gold pieces
 25569 | Vaults:1 | Bought a scroll of summoning for 160 gold pieces
 25821 | Vaults:1 | HP: 24/224 [crystal guardian/crystal bolt (50)]
 25834 | Vaults:1 | Reached skill level 16 in Earth Magic
 25909 | Vaults:1 | Cast into level 2 of the Abyss (a deep elf sorcerer)
 26007 | Abyss:2  | Reached XP level 19. HP: 218/232 MP: 31/31
 26037 | Vaults:1 | Escaped the Abyss
 26251 | Vaults:1 | Reached skill level 17 in Earth Magic
 27317 | Vaults:1 | Learned a level 5 spell: Bolt of Magma
 27472 | Lair:2   | Reached skill level 1 in Fire Magic
 27607 | Shoals:1 | Entered Level 1 of the Shoals
 27633 | Shoals:1 | Reached skill level 2 in Fire Magic
 27942 | Shoals:1 | Found Pogaull's Gadget Emporium.
 27965 | Shoals:1 | Reached skill level 3 in Fire Magic
 28021 | Shoals:1 | Bought a wand of charming (7) for 128 gold pieces
 28411 | Shoals:1 | Reached skill level 4 in Fire Magic
 28801 | Shoals:2 | Reached skill level 9 in Spellcasting
 28814 | Shoals:2 | Found Otaariob's Visitors' Centre.
 28841 | Shoals:2 | Found Otaariob's Merfolk Magic.
 28841 | Shoals:2 | Found Otaariob's Merfolk Weapons.
 28845 | Shoals:2 | Bought a scroll of teleportation for 300 gold pieces
 28928 | Shoals:2 | Bought a wand of iceblast (11) for 306 gold pieces
 28928 | Shoals:2 | Bought a wand of clouds (7) for 408 gold pieces
 28943 | Shoals:2 | Bought Xodosmetio's Incunabulum of the Oath for 950 gold
                  | pieces
 28989 | Shoals:2 | Learned a level 3 spell: Spectral Weapon
 29129 | Shoals:2 | Found a shimmering altar of Xom.
 29144 | Shoals:2 | Reached skill level 1 in Hexes
 29144 | Shoals:2 | Reached skill level 1 in Charms
 29158 | Shoals:2 | Noticed Ilsuiw
 29176 | Shoals:2 | Killed Ilsuiw
 29259 | Shoals:2 | Reached skill level 10 in Spellcasting
 29511 | Shoals:3 | Entered Level 3 of the Shoals
 29511 | Shoals:3 | Noticed Jorgrun
 29529 | Shoals:2 | Reached skill level 2 in Hexes
 29529 | Shoals:2 | Reached skill level 2 in Charms
 29533 | Shoals:2 | Killed Jorgrun
 29717 | Shoals:3 | Reached skill level 3 in Hexes
 29717 | Shoals:3 | Reached skill level 3 in Charms
 29899 | Shoals:3 | Identified the +10 falchion of the Onslaught {vamp, rPois
                  | rC- rN++ Str+3}
 29995 | Shoals:3 | Identified the +4 ring mail of Valiance {MR+}
 30155 | Shoals:3 | Reached skill level 4 in Hexes
 30171 | Shoals:3 | Reached skill level 4 in Charms
 30223 | Shoals:3 | Identified the cursed +0 helmet of Light {rPois Int+4}
 30262 | Shoals:3 | Reached skill level 11 in Spellcasting
 30574 | Shoals:3 | Got a barnacled rune of Zot
 31205 | Shoals:2 | Bought an uncursed ring of protection from magic for 425
                  | gold pieces
 31536 | Vaults:2 | Noticed Jory
 31546 | Vaults:2 | Killed Jory
 31547 | Vaults:2 | Reached XP level 20. HP: 206/243 MP: 35/35
 31676 | Vaults:2 | Reached skill level 18 in Earth Magic
 32094 | Vaults:2 | Learned a level 2 spell: Song of Slaying
 32664 | Vaults:2 | Reached skill level 19 in Earth Magic
 32679 | Vaults:2 | Found a staircase to the Crypt.
 32683 | Crypt:1  | Entered Level 1 of the Crypt
 33092 | Crypt:1  | Noticed Donald
 33104 | Crypt:1  | Killed Donald
 33493 | Crypt:2  | Entered Level 2 of the Crypt
 33510 | Crypt:2  | Reached skill level 20 in Earth Magic
 33682 | Crypt:2  | Noticed Boris
 33693 | Crypt:2  | Killed Boris
 33887 | Crypt:2  | Noticed Margery
 33898 | Crypt:2  | Killed Margery
 33899 | Crypt:2  | Reached skill level 21 in Earth Magic
 33905 | Crypt:2  | Reached XP level 21. HP: 251/251 MP: 25/36
 34063 | Crypt:2  | Noticed an ancient lich
 34067 | Crypt:2  | Reached skill level 22 in Earth Magic
 34332 | Crypt:2  | Killed an ancient lich
 34479 | Crypt:2  | Found an ancient bone altar of Kikubaaqudgha.
 34551 | Crypt:2  | Identified Sif Muna's Handbook of Changing and Lightness
 35133 | Crypt:2  | Found a staircase to the Tomb.
 35774 | Elf:1    | Entered Level 1 of the Elven Halls
 35783 | Elf:1    | Reached skill level 23 in Earth Magic
 35934 | Elf:1    | Found a crumbling gateway.
 35964 | Desolati | Entered the Desolation of Salt
 36018 | Desolati | Identified the ring "Ahimil" {rPois Dex+3}
 36051 | Desolati | Identified the ring of Uminlue {rElec Dex+2 Stlth+}
 36068 | Desolati | Identified the +3 arbalest "Tablay" {velocity, *Drain rElec
                  | rN+++ Dex-4}
 36388 | Desolati | Reached XP level 22. HP: 237/261 MP: 37/37
 36391 | Desolati | Reached skill level 24 in Earth Magic
 36406 | Desolati | Found the amulet of the Four Winds {rN+ MR+++ Clar}
 36418 | Desolati | Identified the amulet of Naromol {Acrobat rF+ rC+ Dex-2}
 36420 | Desolati | Identified the Incunabulum of Compulsion
 36543 | Desolati | Found the +8 lance "Wyrmbane" {slay drac, rPois rF+ rC+
                  | AC+3}
 36548 | Desolati | Identified the ring of Hospitality {+Blink rC+ EV+3 Slay+5
                  | Stlth-}
 36556 | Desolati | Identified the +1 cloak of the Vestibule of Hell {rN++}
 37048 | Elf:1    | Noticed Agnes
 37055 | Elf:1    | Killed Agnes
 37134 | Elf:1    | Reached skill level 14 in Invocations
 37726 | Elf:1    | Identified the cursed +0 bardiche of the Shouting Madman
                  | {antimagic, *Drain rPois SInv Stlth+}
 37782 | Elf:1    | Found a runed translucent gate.
 37782 | Elf:1    | Found a runed translucent gate.
 37782 | Elf:1    | Found a runed translucent gate.
 37782 | Elf:1    | Found a runed translucent gate.
 37782 | Elf:1    | Found a runed translucent gate.
 37783 | Elf:1    | Found a runed translucent gate.
 37790 | Elf:1    | Identified the +1 flail "Dalury" {crush, *Rage rElec rC++
                  | Int+2} (You acquired it on level 1 of the Elven Halls)
 37790 | Elf:1    | Identified the ring of the Disturbing Wishes {rC+++ Int+4}
                  | (You acquired it on level 1 of the Elven Halls)
 38061 | Elf:2    | Reached skill level 15 in Invocations
 38101 | Elf:2    | Found Hasack's Antique Weapon Emporium.
 38527 | Elf:2    | Found a runed gate.
 38527 | Elf:2    | Found a runed gate.
 38558 | Elf:2    | Found a runed gate.
 39492 | Elf:3    | Entered Level 3 of the Elven Halls
 39849 | Elf:3    | Reached skill level 25 in Earth Magic
 39966 | Elf:3    | Identified the +8 trident "Soystrosch" {pain, +Rage}
 40592 | Elf:3    | Identified the +1 scale mail of Negation {Str+3}
 40594 | Elf:3    | Identified the cursed +2 hand axe of Vasminao {drain, rElec
                  | rC- Dex+3}
 40594 | Elf:3    | Identified the amulet of the Tarantula {Rage rC+ Str+5}
 40727 | Elf:3    | Identified the +7 trident of Law {flame, rC+}
 40727 | Elf:3    | Identified the amulet "Kizxiskyi" {Rage Str+5 Dex+3}
 40815 | Elf:3    | Reached XP level 23. HP: 263/271 MP: 9/38
 41057 | Elf:3    | Identified the +8 hand crossbow "Yfaun" {freeze, *Slow
                  | rElec Dex-3 SInv}
 41073 | Elf:3    | Identified Isileosh's Grimoire of Weightlessness and
                  | Poisoning
 42085 | Depths:1 | Entered Level 1 of the Depths
 42085 | Depths:1 | Found Xown's Gadget Shoppe.
 42085 | Depths:1 | Found Quujoen's Magic Scroll Emporium.
 42239 | Depths:1 | Bought a scroll of fear for 90 gold pieces
 42239 | Depths:1 | Bought a scroll of summoning for 180 gold pieces
 42320 | Depths:1 | Reached skill level 26 in Earth Magic
 42483 | Depths:1 | Found a gateway to Hell.
 42603 | Depths:1 | Found a one-way gate to the infinite horrors of the Abyss.
 42640 | Depths:1 | Found the +2 robe of Vines {NoPotionHeal Regen+7 Str+7}
 42725 | Depths:1 | Found a one-way gate leading to the halls of Pandemonium.
 43090 | Depths:2 | Noticed an ancient lich
 43154 | Depths:2 | Killed an ancient lich
 43252 | Depths:2 | Reached skill level 10 in Dodging
 43252 | Depths:2 | Reached skill level 12 in Spellcasting
 43462 | Depths:2 | Noticed a juggernaut
 43962 | Depths:2 | Reached skill level 13 in Spellcasting
 43963 | Depths:2 | Reached skill level 20 in Fighting
 44001 | Depths:2 | Reached skill level 11 in Dodging
 44186 | Depths:2 | Found Quiff's Jewellery Shop.
 44198 | Depths:2 | Identified Ereshkigal's Guide on Dark Rituals
 44266 | Depths:2 | Found a transporter.
 44273 | Depths:2 | Found a gateway to a ziggurat.
 44850 | Depths:2 | Found a transporter.
 44851 | Depths:2 | Found a runed door.
 44864 | Depths:2 | Killed a juggernaut
 44983 | Depths:2 | Reached XP level 24. HP: 243/285 MP: 40/40
 45043 | Depths:2 | Found a bloodstained altar of Trog.
 45044 | Depths:2 | Found the cursed necklace of Bloodlust {Rage *Rage MR++
                  | Int-3 Slay+6 *Curse}
 45049 | Depths:2 | Identified the +4 double sword of Dishonour {vamp, +Blink
                  | rPois}
 45116 | Depths:2 | Identified the +7 plate armour "Dinwaes" {*Corrode Str+2
                  | Int+2}
 45872 | Depths:3 | Reached skill level 14 in Spellcasting
 46003 | Depths:3 | Reached skill level 12 in Dodging
 46072 | Depths:3 | Identified the ring "Hoitruny" {*Tele +Inv Dex+2}
 46142 | Depths:3 | Reached skill level 21 in Fighting
 46563 | Depths:3 | Noticed Xtahua
 46570 | Depths:3 | Killed Xtahua
 47421 | Slime:1  | Entered Level 1 of the Pits of Slime
 47846 | Slime:5  | Entered Level 5 of the Pits of Slime
 47856 | Slime:5  | Reached skill level 8 in Evocations
 47860 | Slime:5  | Noticed the Royal Jelly
 48390 | Slime:5  | Found a viscous altar of Jiyva.
 48525 | Slime:5  | Identified the Guide on Stones
 49099 | Slime:5  | Got a slimy rune of Zot
 49434 | Depths:4 | Reached skill level 16 in Invocations
 49547 | Depths:4 | Reached skill level 13 in Dodging
 49547 | Depths:4 | Reached XP level 25. HP: 64/301 MP: 20/41
 49551 | Depths:4 | Noticed a golden dragon
 49566 | Depths:4 | Killed a golden dragon
 49567 | Depths:4 | Reached skill level 9 in Evocations
 49746 | Depths:4 | Noticed a golden dragon
 49753 | Depths:4 | Killed a golden dragon
 50046 | Depths:4 | Reached skill level 22 in Fighting
 50074 | Depths:4 | Reached skill level 10 in Evocations
 50235 | Depths:4 | Identified the +4 giant club "Nyopry" {crush, Int+5 Dex-5
                  | SInv Stlth+} (You acquired it on level 4 of the Depths)
 50235 | Depths:4 | Identified the +1 hat of Sitotaof {Int+5} (You acquired it
                  | on level 4 of the Depths)
 50235 | Depths:4 | Identified the ring "Ytoutaat" {Ice rElec} (You acquired it
                  | on level 4 of the Depths)
 50235 | Depths:4 | Identified Fergh's Papyrus of Blistering Weightlessness
                  | (You acquired it on level 4 of the Depths)
 50574 | Shoals:2 | Bought an uncursed ring of see invisible for 289 gold
                  | pieces
 50889 | Depths:4 | Identified the amulet "Sotafech" {Inacc rF+}
 50923 | Depths:4 | Noticed a golden dragon
 50942 | Depths:4 | Killed a golden dragon
 50943 | Depths:4 | Reached skill level 14 in Dodging
 51325 | D:11     | Bought a ration for 50 gold pieces
 51325 | D:11     | Bought a ration for 50 gold pieces
 51325 | D:11     | Bought a ration for 50 gold pieces
 51325 | D:11     | Bought a ration for 50 gold pieces
 51325 | D:11     | Bought a ration for 50 gold pieces
 51325 | D:11     | Bought a ration for 50 gold pieces
 51325 | D:11     | Bought a ration for 50 gold pieces
 51325 | D:11     | Bought a ration for 50 gold pieces
 51325 | D:11     | Bought a ration for 50 gold pieces
 51561 | Depths:4 | Noticed an ancient lich
 51565 | Depths:4 | Killed an ancient lich
 51645 | Depths:4 | Noticed Boris
 51652 | Depths:4 | Killed Boris
 51653 | Depths:4 | Reached skill level 23 in Fighting
 52366 | Depths:4 | Reached skill level 10 in Conjurations
 52582 | Depths:4 | Found the +5 demon whip "Spellbinder" {antimagic, MR+}
 52720 | Depths:4 | Found a runed translucent gate.
 52721 | Depths:4 | Found a runed translucent gate.
 52721 | Depths:4 | Found a runed translucent gate.
 52722 | Depths:4 | Found an opulent altar of Gozag.
 52722 | Depths:4 | Noticed Artagas's ghost (veteran BaMA)
 52722 | Depths:4 | Noticed a Killer Klown
 52725 | Depths:4 | Found Qilueram's Assorted Antiques.
 52745 | Depths:5 | Entered Level 5 of the Depths
 52745 | Depths:5 | Noticed an ancient lich
 52752 | Depths:5 | Killed an ancient lich
 52893 | Depths:5 | Reached XP level 26. HP: 290/320 MP: 18/41
 53312 | Depths:5 | Reached skill level 17 in Invocations
 53444 | Depths:5 | Reached skill level 15 in Dodging
 53640 | Depths:5 | Learned a level 6 spell: Invisibility
 53745 | Depths:5 | Found a gate to the Realm of Zot.
 53765 | Depths:5 | Found the +3 hat of Pondering {ponderous, MR+ MP+10 Int+5}
 54036 | Depths:5 | Reached skill level 5 in Hexes
 54194 | Zot:1    | Entered Level 1 of the Realm of Zot
 54211 | Depths:5 | Reached skill level 6 in Hexes
 54267 | Zot:1    | Reached skill level 7 in Hexes
 54387 | Zot:1    | Noticed a golden dragon
 54414 | Zot:1    | Killed a golden dragon
 54415 | Zot:1    | Reached skill level 8 in Hexes
 54533 | Zot:1    | Reached skill level 9 in Hexes
 54727 | Zot:1    | Reached skill level 10 in Hexes
 54858 | Zot:2    | Reached skill level 11 in Hexes
 55047 | Zot:2    | Reached skill level 24 in Fighting
 55424 | Zot:3    | Reached XP level 27. HP: 325/333 MP: 41/41
 55734 | Zot:5    | Entered Level 5 of the Realm of Zot
 56063 | Zot:5    | Noticed an orb of fire
 56070 | Zot:5    | Killed an orb of fire
 56099 | Zot:5    | Noticed an ancient lich
 56101 | Zot:5    | Noticed an orb of fire
 56104 | Zot:5    | Killed an ancient lich
 56105 | Zot:5    | Reached skill level 18 in Invocations
 56105 | Zot:5    | Gained mutation: Your magical capacity is low. (-10% MP)
                  | [an orb of fire]
 56111 | Zot:5    | Killed an orb of fire
 56114 | Zot:5    | Noticed an orb of fire
 56125 | Zot:5    | Killed an orb of fire
 56230 | Zot:5    | Donated 1153 gold pieces to Zin
 56300 | Zot:5    | Donated 576 gold pieces to Zin
 56301 | Zot:5    | Donated 288 gold pieces to Zin
 56302 | Zot:5    | Donated 144 gold pieces to Zin
 56303 | Zot:5    | Donated 72 gold pieces to Zin
 56331 | Zot:4    | Reached skill level 16 in Dodging
 56476 | Zot:5    | Noticed an orb of fire
 56480 | Zot:5    | Lost mutation: Your magical capacity is low. (-10% MP)
                  | [Zin's power]
 56490 | Zot:5    | Killed an orb of fire
 56573 | Zot:5    | Noticed an orb of fire
 56590 | Zot:5    | Killed an orb of fire
 56886 | Zot:5    | Noticed an orb of fire
 56903 | Zot:5    | Killed an orb of fire
 57161 | Zot:5    | Reached skill level 25 in Fighting
 57161 | Zot:5    | Reached skill level 19 in Invocations
 57410 | Zot:5    | Noticed an ancient lich
 57418 | Zot:5    | Killed an ancient lich
 57419 | Zot:5    | Reached skill level 27 in Earth Magic
 57632 | Zot:5    | Reached skill level 17 in Dodging
 57718 | Zot:5    | Got the Orb of Zot
 57874 | Zot:1    | Noticed Liavonn the pandemonium lord
 58000 | Depths:3 | Noticed Bosunip the pandemonium lord
 58007 | Depths:3 | Reached skill level 20 in Invocations
 58010 | Depths:3 | Killed Bosunip the pandemonium lord
 58160 | D:12     | Noticed Mefreinle the pandemonium lord
 58193 | D:9      | Noticed Baadeng the pandemonium lord
 58428 | D:$      | Escaped with the Orb!

Skill      XL: |  1  2  3  4  5  6  7  8  9 10 11 12 13 14 15 16 17 18 19 20 21 22 23 24 25 26 27 |
---------------+----------------------------------------------------------------------------------+-----
Maces & Flails | 2 3 4 5 7 8 9 10 12 13 15 17 18 20 | 20.0
Fighting       | 2 3 5 7 8 9 10 12 16 18 19 20 21 23 24 25 | 25.7
Invocations    | 4 7 8 10 11 12 13 15 16 17 20 | 20.3
Dodging        | 3 5 6 7 8 9 11 13 14 15 17 | 17.4
Shields        | 3 |  3.9
Spellcasting   | 4 8 11 13 14 | 14.0
Earth Magic    | 4 8 12 16 17 21 23 25 26 27 | 27.0
Evocations     | 2 7 8 10 | 10.0
Throwing       | 4 |  4.0
Conjurations   | 7 9 10 | 10.0
Translocations | 4 |  4.0
Fire Magic     | 4 |  4.0
Hexes          | 4 11 | 11.0
Charms         | 4 |  4.0
Stealth        | |  3.6

Action                   |  1- 3 |  4- 6 |  7- 9 | 10-12 | 13-15 | 16-18 | 19-21 | 22-24 | 25-27 || total
-------------------------+-------+-------+-------+-------+-------+-------+-------+-------+-------++-------
Melee: Whip              |   204 |    76 |       |       |       |       |       |       |       ||   280
       Great mace        |       |    58 |   204 |   422 |  1042 |   948 |   969 |   790 |   864 ||  5297
 Fire: Blowgun           |       |       |       |       |     2 |       |       |       |       ||     2
Throw: Tomahawk          |     2 |    19 |     5 |    30 |   129 |    76 |     8 |       |       ||   269
       Javelin           |       |       |       |       |       |       |     1 |    18 |    19 ||    38
 Cast: Iron Shot         |       |       |       |       |       |    44 |   107 |   178 |   227 ||   556
       Blink             |       |       |       |       |       |     3 |       |     1 |     1 ||     5
       Bolt of Magma     |       |       |       |       |       |       |   133 |    63 |     9 ||   205
       Spectral Weapon   |       |       |       |       |       |       |    37 |     4 |       ||    41
       Shatter           |       |       |       |       |       |       |     7 |    81 |    32 ||   120
       Song of Slaying   |       |       |       |       |       |       |       |     1 |     1 ||     2
       Invisibility      |       |       |       |       |       |       |       |       |     9 ||     9
Invok: Recite            |       |       |     5 |     9 |    21 |     7 |     6 |     6 |     2 ||    56
       Vitalisation      |       |       |       |     1 |     6 |    23 |    29 |    48 |    27 ||   134
       Sanctuary         |       |       |       |       |     1 |     3 |     4 |     1 |     1 ||    10
       Imprison          |       |       |       |       |       |     7 |       |     1 |     4 ||    12
       Manna             |       |       |       |       |       |       |     6 |    18 |       ||    24
       Donate Gold       |       |       |       |       |       |       |       |       |     5 ||     5
 Abil: Passwall          |       |     2 |       |       |    10 |     1 |       |     1 |    14 ||    28
       Evoke Blink       |       |       |       |       |       |       |       |     1 |     2 ||     3
Evoke: Wand              |       |       |       |       |       |    14 |     7 |     7 |     7 ||    35
       Lightning rod     |       |       |       |       |       |     6 |       |       |       ||     6
       Lamp of fire      |       |       |       |       |       |     1 |     4 |     1 |     1 ||     7
       Phantom mirror    |       |       |       |       |       |       |       |       |     1 ||     1
  Use: Scroll            |     1 |     5 |     5 |     8 |     8 |    12 |     1 |     4 |     8 ||    52
       Potion            |       |     3 |       |     1 |     3 |     8 |     6 |       |     6 ||    27
 Stab: Sleeping          |     3 |       |     4 |     5 |     5 |     5 |     2 |     1 |       ||    25
       Invisible         |       |     1 |     1 |       |     3 |     3 |       |       |    13 ||    21
       Confused          |       |       |       |     1 |     6 |     3 |       |     1 |     4 ||    15
       Distracted        |       |       |       |     1 |       |     3 |     5 |     4 |     1 ||    14
       Paralysed         |       |       |       |       |    10 |       |       |       |     1 ||    11
  Eat: Chunk             |     7 |     5 |    13 |    19 |    23 |     9 |    19 |     9 |    16 ||   120
       Ration            |       |     1 |     1 |     2 |     7 |    12 |    26 |    37 |    21 ||   107
Armor: Skin              |   155 |    91 |   173 |   327 |   998 |   909 |  1012 |   735 |   789 ||  5189
Dodge: Dodged            |   142 |   134 |   178 |   357 |  1103 |  1107 |  1075 |   955 |  1316 ||  6367
Block: Other             |       |       |       |       |       |       |       |     1 |    44 ||    45

Levels and vault maps discovered:
D:1:      co_arrival_random_square_maze, layout_loops_ring
D:2:      layout_loops_ring, kiku_gazebo_garden_becter, zin_purify,
          glass_columns_a, nemelex_diamond_rough_becter
D:3:      layout_rooms, kennysheep_boxes, uniq_jessica
D:4:      layout_basic, minmay_temple_entry_sparse_star, first_ration
D:5:      layout_loops_corners, regret_index_temple_of_mockery
D:6:      layout_cave_pods, minitemple, gammafunk_temple_overflow_wave
D:7:      layout_rooms, minmay_misc_feat_ornament, uniq_menkaure,
          uniq_prince_ribbit1, uniq_duvessa
D:8:      layout_rooms
D:9:      layout_basic, kennysheep_mini,
          chequers_temple_overflow_statue_of_worship, dpeg_lair_monsters,
          erik_orc_1, serial_shops, shop
D:10:     layout_basic, hangedman_little_slice_of_home
D:11:     layout_rooms, serial_shops, nicolae_shop_waterfront,
          portal_ice_cave_entry_ice_beasts
D:12:     gammafunk_enter_depths_forms, layout_basic,
          skrybe_vaults_entry_preservation, item_on_display_a, uniq_louise
Temple:   jpeg_temple_island
Lair:1:   layout_concentric_octagons, uniq_sonja
Lair:2:   layout_loops_ring, bhauth_shoals_entry_angry_harpies, wad_woods_01
Lair:3:   cheibrodos_magma_flow, layout_regular_city, serial_bayou_shore_a
Lair:4:   layout_long_grid, spider_nest_entry_funnel_web,
          ebering_ghost_inner_flame, worms_lemuel
Lair:5:   layout_loops_ring
Lair:6:   evilmike_catoblepas_cave, layout_cave_pods,
          chequers_serial_rivers_micro_c, st_stairs_4, minivault_23
Shoals:1: layout_shoals, serial_shops, shop
Shoals:2: nicolae_shoals_mermall, layout_shoals, lemuel_altar_in_water,
          uniq_ilsuiw
Shoals:3: shoals_end_grunt_garden, layout_shoals, kb_tengu_band, uniq_jorgrun
Spider:1: layout_chambers, hangedman_spider_tarantella_strand
Spider:2: layout_spider_delve, hangedman_stitches_earthworm, uniq_aizul
Spider:3: johnstein_spider_rune_arachne_lair
Slime:1:  layout_slime_grid
Slime:2:  layout_slime_grid
Slime:3:  layout_slime_grid
Slime:4:  layout_slime_grid
Slime:5:  slime_pit_nicolae_amoeboid
Orc:      st_orc_congregation, layout_caves, slime_altar_1,
          lightli_church_of_beogh
Elf:1:    minmay_elf_arrival_circle, layout_onion_city,
          lightli_enter_wizlab_magi_temple,
          portal_desolation_entry_nicolae_slug, orc_legates, minivault_19,
          uniq_agnes
Elf:2:    nicolae_elf_blades_splatter_lattice [mumra_blade_entry_bloodbath],
          layout_loops_ring, serial_shops, nicolae_shop_trees, minivault_4
Elf:3:    elf_hall, layout_loops_cross, wad_floor_pattern_untrapped
Vaults:1: ontoclasm_vaults_hangar, nicolae_vaults_inception_network,
          hangedman_vaults_trim, v_alt_pattern_2, vaults_dpeg_spiral, v_misc_28,
          vaults_mumra_hexcomb, nicolae_vaults_specimen_jars,
          layout_vaults_omnicross, serial_shops, shop_coins
Vaults:2: vaults_mumra_minichess, vaults_room_pools,
          nicolae_vaults_diagonal_hallway_7, nicolae_vaults_circle_grid_a,
          minmay_crypt_entry_skeletal_spiral, vaults_room_stairs_pillars,
          v_misc_18, vaults_standard_mumra_x, hangedman_vaults_nails,
          layout_vaults_omnigrid, uniq_jory
Crypt:1:  layout_gridlike, uniq_donald
Crypt:2:  church_of_pain_bobbens, layout_chaotic_city,
          nicolae_tomb_entry_unfolded_pyramid_orthogonal, feat_on_display,
          uniq_margery, uniq_boris
Depths:1: layout_gridville, rand_demon_pan_entry_3, hell_entry, special_room
          [special_room_mythical_zoo], abyss_entry, minmay_gold_behind_fungi,
          minmay_protected_statue, minmay_shoptagon
Depths:2: emtedronai_trogs_sanctum, layout_long_grid, enter_ziggurat_a,
          hellmouth_3, special_room [special_room_morgue],
          hangedman_abyss_or_decor_lesser_grid, serial_shops,
          nicolae_shop_trees, infiniplex_staircase_pool_1
Depths:3: cheibrodos_salmonella, layout_gridlike, rand_demon_pan_entry_7,
          hell_entry, kennysheep_big_empty_room, minmay_staircase_bubble,
          grunt_megastairs_3, uniq_xtahua
Depths:4: cheibrodos_spurs, layout_gridlike, chequers_serial_rivers_room_a,
          hell_entry, abyss_entry_crystal, ebering_ghost_gozag,
          hangedman_decor_push, minmay_staircase_statues
Depths:5: evilmike_zot_entry_basic, layout_cave_pools, abyss_entry,
          minmay_misc_feat_rugged, hell_entry, hangedman_aerie_drop
Zot:1:    layout_misc_corridors, grunt_megastairs_2
Zot:2:    layout_misc_corridors, basic_altar
Zot:3:    layout_misc_corridors, st_large_dragon_hoard_2
Zot:4:    minmay_elemental_castle, layout_misc_corridors, zot_minivault_1
Zot:5:    layout_concentric_octagons, grunt_ministairs_12

Table legend:
 A = Turns spent in this place as a percentage of turns spent in the entire game.
 B = Non-inter-level travel turns spent in this place as a percentage of non-inter-level travel turns spent in the entire game.
 C = Inter-level travel turns spent in this place as a percentage of turns spent in this place.
 D = Turns resting spent in this place as a percentage of non-inter-level travel turns spent in this place.
 E = Turns spent auto-exploring this place as a percentage of non-inter-level travel turns spent in this place.
 F = Non-inter-level travel turns spent in this place divided by the number of levels of this place that you've seen.
                   A       B       C       D       E      F
               +-------+-------+-------+-------+-------+----------------------
         Total | 100.0 | 100.0 |   8.9 |  16.3 |  53.4 | 1003.8
       Dungeon |  19.9 |  18.5 |  15.0 |   6.2 |  69.3 | 821.5
        Temple |   0.4 |   0.4 |   8.1 |   0.0 |  97.4 | 227.0
          Lair |  12.7 |  11.7 |  15.5 |   6.7 |  73.3 | 1041.2
        Shoals |   6.2 |   6.0 |  11.8 |  17.5 |  54.9 | 1064.7
   Spider Nest |   7.5 |   7.8 |   5.1 |   5.6 |  66.6 | 1392.0
    Slime Pits |   3.1 |   3.2 |   4.7 |  50.4 |  11.6 | 345.8
  Orcish Mines |   2.0 |   2.0 |  10.1 |  13.7 |  31.7 | 1045.0
   Elven Halls |   8.8 |   8.8 |   9.8 |  16.9 |  60.5 | 1552.7
        Vaults |   6.2 |   6.6 |   3.2 |  10.7 |  59.3 | 1744.0
         Crypt |   4.4 |   4.6 |   4.6 |   9.0 |  56.8 | 1231.0
        Depths |  16.5 |  16.8 |   7.3 |  24.0 |  50.3 | 1787.2
           Zot |   6.2 |   6.8 |   0.4 |  51.9 |   6.4 | 727.0
         Abyss |   3.7 |   4.1 |   0.0 |  13.4 |   7.3 | 725.3
      Ice Cave |   0.8 |   0.9 |   0.0 |  32.5 |  12.6 | 459.0
    Desolation |   1.6 |   1.7 |   0.0 |   0.0 |  55.0 | 913.0
               +-------+-------+-------+-------+-------+----------------------

Table legend:
 A = Kills in this place as a percentage of kills in entire the game.
 B = Kills by you in this place as a percentage of kills by you in the entire game.
 C = Kills by friends in this place as a percentage of kills by friends in the entire game.
 D = Other kills in this place as a percentage of other kills in the entire game.
 E = Experience gained in this place as a percentage of experience gained in the entire game.
 F = Experience gained in this place divided by the number of levels of this place that you have seen.
                   A       B       C       D       E      F
               +-------+-------+-------+-------+-------+----------------------
         Total | 100.0 | 100.0 | 100.0 | 100.0 | 100.0 | 33864.4
       Dungeon |  15.3 |  15.5 |   0.0 |   9.5 |   3.7 | 5518.6
          Lair |   7.8 |   7.9 |   0.0 |   0.0 |   3.4 | 10095.2
        Shoals |   4.9 |   5.0 |   0.0 |   0.0 |   4.0 | 23667.0
   Spider Nest |   8.7 |   8.4 |  24.0 |  23.8 |   5.5 | 32926.0
    Slime Pits |   2.9 |   2.9 |   0.0 |   0.0 |   3.1 | 11046.2
  Orcish Mines |   4.0 |   3.8 |   0.0 |  23.8 |   0.8 | 15223.0
   Elven Halls |   6.6 |   6.7 |   0.0 |   4.8 |   7.7 | 45783.7
        Vaults |   6.6 |   5.8 |  72.0 |  19.0 |   6.5 | 58745.5
         Crypt |   7.0 |   7.1 |   0.0 |   0.0 |   8.0 | 71661.5
        Depths |  16.8 |  17.0 |   4.0 |   9.5 |  27.8 | 99935.4
           Zot |   6.1 |   6.2 |   0.0 |   0.0 |  21.0 | 75397.2
         Abyss |   8.5 |   8.6 |   0.0 |   9.5 |   5.5 | 32780.7
      Ice Cave |   1.1 |   1.1 |   0.0 |   0.0 |   0.3 | 4550.0
    Desolation |   3.7 |   3.8 |   0.0 |   0.0 |   2.8 | 50066.0
               +-------+-------+-------+-------+-------+----------------------
